 Dungeon Sprint DCSS version 0.26-a0-658-gbdda728c12 (webtiles) character file.

Game seed: 7814543377150606234

30 sahdkjhfkaj the Insei (level 5, -5/38 HPs)
             Began as an Octopode Transmuter on Oct 4, 2020.
             Was an Initiate of Gozag.
             Slain by a yak (16 damage)
             ... in the Dungeon (Sprint VI: "Thunderdome").
             The game lasted 00:01:44 (301 turns).

sahdkjhfkaj the Insei (Octopode Transmuter)          Turns: 301, Time: 00:01:45

Health: -5/38      AC:  1    Str: 11    XL:     5   Next: 59%
Magic:  1/11       EV: 15    Int: 15    God:    Gozag
Gold:   218        SH:  0    Dex: 12    Spells: 6/12 levels left

rFire    . . .     SeeInvis .     - Unarmed
rCold    . . .     Faith    .   (no shield)
rNeg     . . .     Spirit   .   (helmet restricted)
rPois    .         Reflect  .   (no amulet)
rElec    .         Harm     .   (no ring)
rCorr    .         Rampage  .   (no ring)
MR       .....     NoTele   +   (no ring)
Stlth    +.........             (no ring)
HPRegen  0.12/turn              (no ring)
MPRegen  0.12/turn              (no ring)
                                (no ring)
                                (no ring)

@: contaminated, glowing
A: almost no armour, stealthy swim, amphibious, 8 rings, constrict 8, camouflage
1, gelatinous body 1
a: Potion Petition, Call Merchant, Bribe Branch, Renounce Religion


You were in the Dungeon.
You worshipped Gozag.
Gozag was aware of your devotion.
You visited 1 branch You collected 673 gold pieces.
You spent 455 gold pieces at shops.

Inventory:

Wands
 a - a wand of acid (4)
 h - a wand of iceblast (4)
Scrolls
 g - 4 scrolls of blinking
 i - 3 scrolls of fog
Potions
 b - a potion of curing
 c - 2 potions of heal wounds
 d - 4 potions of haste
 e - 2 potions of magic
 f - a potion of berserk rage
 j - a potion of resistance


   Skills:
 + Level 4.4 Fighting
 + Level 4.7 Dodging
 * Level 7.0 Unarmed Combat
 + Level 4.4 Spellcasting
 + Level 4.9 Transmutations


You had 6 spell levels left.
You knew the following spells:

 Your Spells              Type           Power        Failure   Level
a - Beastly Appendage     Tmut           ###...       2%          1
A - Blade Hands           Tmut           ###.......   54%         5

Your spell library contained the following spells:

 Spells                   Type           Power        Failure   Level
 Wereblood                Tmut           ###.....     3%          2
 Spider Form              Tmut/Pois      ##........   19%         3
 Ice Form                 Ice/Tmut       ##......     54%         4
 Leda's Liquefaction      Hex/Erth       #.........   86%         4
 Bolt of Magma            Conj/Fire/Erth #.........   99%         5
 Iron Shot                Conj/Erth      #.........   100%        6
 Statue Form              Tmut/Erth      ##.......    100%        6
 Shatter                  Erth           #.........   100%        9


Dungeon Overview and Level Annotations

Branches:
Dungeon (1/1)

Altars:
Cheibriados
Dithmenos
Fedhas
Gozag
Kikubaaqudgha
Makhleb
Okawaru
Qazlal
Ru
Sif Muna
Trog
Vehumet
Wu Jian
Xom
Yredelemnul
Zin
The Shining One
Beogh
Jiyva
Lugonu

Shops:
D *[??*?*:[((


Innate Abilities, Weirdness & Mutations

You cannot wear most types of armour.
You are very stealthy in the water. (Stealth+)
You are amphibious.
You can wear up to eight rings at the same time.
You can use your tentacles to constrict eight enemies at once.
Your skin changes colour to match your surroundings (Stealth+).
Your rubbery body absorbs attacks. (AC +1, EV +1)


Message History

Cast which spell? (? or * to list)
The spell is potentially lethal to cast (54% risk of failure)!
Continue anyway?
You miscast Blade Hands.
You are very lightly contaminated with residual magic.
Your body is twisted painfully.
Casting: Blade Hands (potentially lethal; 54% risk of failure)
Confirm with . or Enter, or press ? or * to list all spells.
The spell is potentially lethal to cast (54% risk of failure)!
Continue anyway?
You miscast Blade Hands.
You are lightly contaminated with residual magic.
Your body is twisted painfully.
You are contaminated with residual magic.
A yak comes into view.
The yak gores you.
The yak bellows!
The yak gores you!
* * * LOW HITPOINT WARNING * * *
The yak gores you!
You die...
Your body crumbles into a pile of gold.

##⌠⌠⌠## #.....# ##.....##
##∩.....∩## #∩.......∩#
#_......._# #_......._#
#_......._# ###....@....###
#§....YY.....§#
######.8.........8.####
##..__......###......___
###∩........8.# #.8........
##.............###...........
#⌠..........###...###........
#⌠..........# #.<.# #........
#⌠..........###...###........


You could see 2 yaks.

Vanquished Creatures
  A phantom (D)
  2 wights (D)
  A worm (D)
  A bat zombie (D)
  4 giant cockroaches (D)
  A quokka zombie (D)
10 creatures vanquished.

Notes
Turn   | Place    | Note
-------+----------+-------------------------------------------
     0 | D        | sahdkjhfkaj the Octopode Transmuter began the quest for the
                  | Orb.
     0 | D        | Reached XP level 1. HP: 13/13 MP: 3/3
     1 | D        | Found a bloodstained altar of Trog.
     1 | D        | Found a corrupted altar of Lugonu.
     2 | D        | Found a stormy altar of Qazlal.
     2 | D        | Found an ornate altar of the Wu Jian Council.
     3 | D        | Found a radiant altar of Vehumet.
     3 | D        | Found a burning altar of Makhleb.
     4 | D        | Found a shadowy altar of Dithmenos.
     4 | D        | Found an iron altar of Okawaru.
     4 | D        | Found Xax Vuol's Magic Scroll Shop.
     4 | D        | Found Raciqu's Staff Store.
     5 | D        | Round 1.
     6 | D        | Found a glowing golden altar of the Shining One.
     6 | D        | Found a blossoming altar of Fedhas.
     6 | D        | Found a basalt altar of Yredelemnul.
     6 | D        | Found Gyteot's Identification Station.
     7 | D        | Found Juni's Jewellery.
     7 | D        | Found Leyceppa's Advanced Armour.
    11 | D        | Found a roughly hewn altar of Beogh.
    11 | D        | Noticed a wight
    12 | D        | Found a sacrificial altar of Ru.
    13 | D        | Found Rosec's Premium Goods.
    14 | D        | Found a glowing silver altar of Zin.
    14 | D        | Found an ancient bone altar of Kikubaaqudgha.
    14 | D        | Found an opulent altar of Gozag.
    14 | D        | Found Itwerr's Weapon Rack.
    14 | D        | Found Xuudetiyn's Miscellaneous Merchandise.
    14 | D        | Found Fociet's Basic Armour.
    16 | D        | Killed a wight
    16 | D        | Reached skill level 4 in Unarmed Combat
    16 | D        | Reached XP level 2. HP: 20/20 MP: 4/6
    16 | D        | Reached XP level 3. HP: 25/25 MP: 4/7
    20 | D        | Found a shimmering blue altar of Sif Muna.
    24 | D        | Became a worshipper of Gozag Ym Sagoz the Greedy
    33 | D        | Reached skill level 5 in Unarmed Combat
    33 | D        | Reached XP level 4. HP: 15/31 MP: 5/9
    48 | D        | Noticed a phantom
    85 | D        | Killed a phantom
    85 | D        | Reached skill level 6 in Unarmed Combat
    85 | D        | Reached XP level 5. HP: 12/38 MP: 9/11
    91 | D        | Noticed a phantom
    97 | D        | Found Dito's Magic Scroll Shop.
    97 | D        | Found Haesom's Must-Have Magic.
   112 | D        | Found a snail-covered altar of Cheibriados.
   113 | D        | Found a viscous altar of Jiyva.
   114 | D        | Found a shimmering altar of Xom.
   132 | D        | Arena points: 6 (+6) [x1]
   140 | D        | Learned a level 5 spell: Blade Hands
   147 | D        | Round 2.
   234 | D        | Reached skill level 7 in Unarmed Combat
   239 | D        | Arena points: 30 (+24) [x2]
   258 | D        | Bought a book of the Earth for 455 gold pieces
   294 | D        | Round 3.
   294 | D        | Noticed a yak
   297 | D        | Noticed a yak
   301 | D        | Slain by a yak

Illustrated notes

Levels and vault maps discovered:
D:        arena_sprint

Skill      XL: |  1  2  3  4  5 |
---------------+----------------+-----
Fighting       | 2 3 4 |  4.4
Dodging        | 3 4 |  4.7
Unarmed Combat | 4 5 6 7 |  7.0
Spellcasting   | 3 4 |  4.4
Transmutations | 3 4 |  4.9

Action                   |  1- 3 |  4- 6 || total
-------------------------+-------+-------++-------
Melee: Unarmed           |     4 |    50 ||    54
       Tentacles         |     1 |     7 ||     8
       Constrict         |     1 |     4 ||     5
       Punch             |       |     1 ||     1
Evoke: Wand              |     2 |       ||     2
  Use: Potion            |       |     2 ||     2
Armor: Skin              |       |     2 ||     2
Dodge: Dodged            |     2 |    27 ||    29

Table legend: (Time is in decaauts)
 A = Elapsed time spent in this place.
 B = Non-inter-level travel time spent in this place.
 C = Inter-level travel time spent in this place.
 D = Time resting spent in this place.
 E = Time spent auto-exploring this place.
 F = Levels seen in this place.
 G = Mean time per level.
                   A        B        C        D        E       F      G
               +--------+--------+--------+--------+--------+-----+--------+
         Total |    295 |    295 |      0 |     76 |      0 |   1 |  295.0 |
       Dungeon |    295 |    295 |      0 |     76 |      0 |   1 |  295.0 |
               +--------+--------+--------+--------+--------+-----+--------+

Top non-repeatable levels by time:
       D: 295 daAuts
